Map: Prion Terraces

Players

EFrEEt

  • Race: Protoss Protoss
  • League: Master

Miszu - Winner!

  • Race: Terran Terran
  • League: Master

VOD

Have the link to the VOD?

Description

Time

  • Played on: March 13, 2016, 10:04 a.m.
  • Length: 11:47
Show
View Real Time Build Order
Export as new Build Order

EFrEEt Protoss 

Build Orders: 1 Gate Expand, Oracle Opening 

Get SALT Encoding   

  12  0:00  Probe (Chrono Boost)  
  13  0:11  Probe (Chrono Boost)  
  14  0:18  Pylon  
  14  0:22  Probe (Chrono Boost)  
  15  0:33  Assimilator  
  15  0:36  Probe (Chrono Boost)  
  16  0:47  Probe (Chrono Boost)  
  17  0:57  Probe (Chrono Boost)  
  17  0:59  Gateway  
  18  1:08  Probe (Chrono Boost)  
  20  1:18  Probe (Chrono Boost)  
  20  1:28  Nexus  
  20  1:30  Probe (Chrono Boost)  
  21  1:41  Probe (Chrono Boost)  
  21  1:42  Assimilator  
  21  1:44  Pylon  
  22  1:51  Probe (Chrono Boost)  
  23  1:58  Cybernetics Core  
  23  2:03  Probe (Chrono Boost)  
  24  2:13  Probe (Chrono Boost)  
  25  2:24  Probe (Chrono Boost)  
  26  2:36  Warp Gate  
  26  2:38  Adept, Mothership Core (Chrono Boost)  
  26  2:43  Probe (Chrono Boost)  
  31  2:48  Stargate  
  31  2:56  Pylon, Probe (Chrono Boost)  
  31  2:57  Probe (Chrono Boost)  
  33  3:07  Probe (Chrono Boost)  
  33  3:09  Forge  
  33  3:11  Probe (Chrono Boost)  
  35  3:13  Stalker  
  35  3:18  Probe (Chrono Boost), Assimilator  
  38  3:22  Pylon  
  39  3:27  Probe (Chrono Boost)  
  39  3:31  Oracle (Chrono Boost)  
  39  3:33  Probe  
  43  3:41  Probe  
  44  3:51  Probe  
  44  3:54  Probe  
  46  4:02  Oracle (Chrono Boost), Probe  
  47  4:07  Protoss Ground Weapons Level 1 (Chrono Boost)  
  48  4:10  Probe  
  48  4:12  Probe  
  48  4:14  Robotics Facility  
  48  4:15  Assimilator  
  50  4:22  Probe  
  51  4:24  Probe  
  51  4:26  Pylon  
  52  4:33  Gateway  
  52  4:34  Probe (Chrono Boost)  
  52  4:36  Gateway  
  53  4:38  Pylon  
  53  4:39  Gateway  
  53  4:42  Stalker  
  53  4:45  Probe (Chrono Boost)  
  56  4:46  Probe (Chrono Boost)  
  56  4:49  Photon Cannon  
  56  4:50  Photon Cannon  
  57  4:56  Probe (Chrono Boost)  
  57  4:57  Probe (Chrono Boost)  
  60  5:07  Probe (Chrono Boost)  
  60  5:09  Probe (Chrono Boost)  
  61  5:17  Probe (Chrono Boost)  
  61  5:19  Void Ray  
  61  5:20  Robotics Bay  
  67  5:21  Probe (Chrono Boost)  
  67  5:28  Probe (Chrono Boost)  
  68  5:29  Immortal (Chrono Boost)  
  68  5:30  Sentry  
  68  5:31  Adept  
  68  5:33  Probe (Chrono Boost)  
  77  5:50  Pylon  
  77  6:01  Twilight Council  
  77  6:05  Pylon  
  77  6:09  Adept x2  
  81  6:14  Pylon  
  81  6:16  Pylon  
  81  6:18  Colossus (Chrono Boost)  
  86  6:30  Adept x4  
  94  6:34  Protoss Ground Armor Level 1  
  94  6:44  Extended Thermal Lance  
  94  6:47  Pylon  
  94  6:53  Adept x4  
  102  6:56  Pylon  
  102  7:04  Probe  
  102  7:06  Pylon  
  102  7:07  Colossus (Chrono Boost)  
  109  7:11  Probe  
  109  7:13  Void Ray  
  114  7:24  Nexus  
  114  7:25  Pylon  
  114  7:28  Pylon  
  114  7:32  Resonating Glaives  
  114  7:38  Gateway  
  114  7:39  Gateway  
  114  7:40  Gateway, Pylon  
  114  7:43  Probe  
  113  7:48  Adept x3  
  119  7:53  Nexus  
  119  7:54  Observer (Chrono Boost)  
  119  7:55  Pylon  
  119  7:58  Adept  
  114  8:29  Colossus (Chrono Boost)  
  114  8:33  Probe x2  
  121  8:41  Protoss Ground Armor Level 2  
  121  8:44  Pylon  
  121  8:45  Probe  
  121  8:48  Adept x2  
  121  8:49  Adept x2  
  121  8:50  Nexus  
  121  8:52  Pylon  
  127  9:05  Pylon x2  
  127  9:09  Pylon  
  127  9:12  Dark Shrine  
  127  9:13  Assimilator  
  127  9:14  Void Ray  
  127  9:15  Assimilator  
  127  9:22  Sentry  
  133  9:43  Templar Archives  
  129  9:46  Adept  
  129  9:47  Adept  
  132  10:07  Sentry x4  
  116  10:16  Adept x3  
  116  10:19  Probe  
  109  10:30  Sentry x2  
  80  10:54  Nexus  
  80  10:57  Sentry  
  82  11:05  Dark Templar  
  84  11:14  Dark Templar  
  86  11:19  Dark Templar  
  86  11:25  Sentry  
Show
View Real Time Build Order
Export as new Build Order

Miszu Terran - Winner!

Build Orders: Command Center First (CC), MMM Bio 

Get SALT Encoding   

  12  0:01  SCV  
  13  0:13  SCV  
  14  0:18  Supply Depot  
  14  0:26  SCV  
  15  0:39  SCV  
  16  0:51  SCV  
  17  1:00  Command Center  
  17  1:03  SCV  
  18  1:15  SCV  
  18  1:18  Barracks  
  19  1:28  SCV  
  19  1:32  Barracks  
  20  1:40  SCV  
  21  1:48  Barracks  
  21  1:53  SCV  
  22  2:06  Marine  
  22  2:07  Orbital Command  
  23  2:22  Orbital Command  
  23  2:23  Marine  
  23  2:24  Marine  
  25  2:32  Refinery x2  
  25  2:33  SCV  
  26  2:37  Marine  
  26  2:41  Marine  
  26  2:44  Supply Depot  
  28  2:45  SCV  
  28  2:48  SCV  
  30  2:53  Marine  
  30  2:57  SCV  
  30  2:58  Marine  
  32  2:59  Marine  
  32  3:00  SCV  
  35  3:09  SCV  
  35  3:11  Barracks Tech Lab  
  35  3:12  SCV  
  37  3:16  Marine  
  37  3:17  Supply Depot, Marine  
  39  3:21  SCV  
  39  3:24  SCV  
  41  3:30  Marine  
  41  3:31  Stimpack  
  41  3:33  SCV  
  41  3:34  Supply Depot, Marine  
  43  3:35  Marine  
  43  3:36  SCV  
  46  3:43  Factory  
  46  3:46  SCV  
  46  3:47  Marine  
  48  3:51  Marine  
  48  3:52  Marine  
  49  3:58  SCV x2  
  51  4:05  Marine  
  51  4:07  Engineering Bay  
  52  4:10  SCV x2  
  52  4:11  Marine x2  
  56  4:22  SCV  
  56  4:23  Marine, Refinery  
  58  4:24  Supply Depot  
  58  4:27  Factory Reactor  
  58  4:30  Barracks Reactor, Starport, Barracks Tech Lab  
  58  4:35  Missile Turret  
  58  4:39  SCV x2, Missile Turret  
  58  4:41  Marauder  
  58  4:44  Terran Infantry Weapons Level 1  
  62  4:47  Supply Depot  
  62  4:50  Marauder  
  62  4:51  SCV x2  
  66  4:55  Refinery  
  66  4:58  Barracks  
  66  5:01  Barracks  
  66  5:03  SCV  
  66  5:04  SCV  
  65  5:16  Medivac x2  
  65  5:17  SCV  
  65  5:19  Marine, SCV  
  65  5:20  Marine x2  
  76  5:21  Marauder  
  76  5:22  Supply Depot  
  76  5:35  Concussive Shells  
  76  5:36  Combat Shields  
  76  5:37  Marine  
  76  5:38  Marauder  
  74  5:48  SCV  
  75  5:50  Marine, Marauder  
  75  5:53  Command Center  
  75  5:55  Medivac  
  75  5:56  Marine  
  81  5:57  Barracks Reactor  
  81  6:00  Marauder  
  81  6:02  Supply Depot  
  83  6:06  Supply Depot  
  83  6:11  Marine, Marauder  
  86  6:23  Barracks Reactor  
  86  6:24  Marine, Medivac, Marauder  
  91  6:27  Supply Depot  
  91  6:28  Supply Depot, Marine  
  91  6:31  Medivac  
  94  6:33  Marauder  
  96  6:42  Marine x3  
  96  6:46  Marine, Marauder  
  102  6:53  Supply Depot  
  102  6:54  Supply Depot, Terran Infantry Armor Level 1, Marauder  
  102  6:59  Marine  
  102  7:00  Marine x4  
  109  7:04  Marine  
  109  7:07  Marauder  
  112  7:16  Marauder  
  112  7:17  Marine x2  
  112  7:20  Engineering Bay  
  112  7:21  Armory  
  114  7:25  Marine x3, Missile Turret  
  114  7:26  Marine  
  114  7:28  Marauder  
  118  7:30  Medivac  
  118  7:31  Medivac  
  118  7:35  Marine  
  125  7:37  Marauder  
  124  7:45  Marine x4  
  124  7:46  Marine  
  124  7:50  Marauder  
  131  7:53  Marine, Orbital Command  
  134  7:58  Marauder  
  134  8:03  Marine x2  
  124  8:15  Marauder  
  124  8:17  Marine  
  129  8:20  Marauder  
  127  8:30  Marine, Medivac  
  127  8:31  Marine  
  127  8:32  Medivac  
  131  8:36  Marauder  
  131  8:38  Marine  
  131  8:39  Marine x3  
  137  8:41  Marauder  
  137  8:48  Marine  
  137  8:58  Marine x5, Marauder  
  137  9:02  Terran Infantry Armor Level 2, Terran Infantry Weapons Level 2  
  146  9:03  Marauder  
  146  9:06  Marine, Medivac  
  146  9:07  Barracks  
  146  9:09  Barracks x2  
  149  9:14  Refinery  
  149  9:17  Marine x4, Medivac  
  149  9:19  Supply Depot x2, Marauder  
  149  9:20  Marine  
  149  9:21  Supply Depot  
  160  9:24  Marauder  
  160  9:27  SCV x2  
  160  9:28  SCV  
  163  9:36  Marine x2  
  165  9:40  Marine x2  
  165  9:41  Marauder  
  165  9:42  Marine  
  172  9:45  Marauder  
  172  10:02  Marauder  
  175  10:07  Marauder  
  151  10:17  Marine  
  151  10:19  Marine  
  147  10:23  Marauder  
  147  10:25  Marine  
  147  10:28  Marauder  
  148  10:34  Marine  
  148  10:35  Marine x2  
  141  10:39  SCV  
  141  10:41  Marine  
  136  10:43  SCV  
  136  10:45  Marauder  
  136  10:47  Marine x5  
  136  10:49  Marauder  
  137  10:52  Marine  
  137  10:53  Marine x2  
  137  10:54  Orbital Command  
  140  11:02  Medivac x2  
  144  11:06  Marauder  
  144  11:11  Marauder  
  148  11:15  Barracks Tech Lab  
  148  11:17  Barracks Tech Lab  
  148  11:18  Barracks Tech Lab x2  
  148  11:25  Missile Turret  
Tags
 
Add a new tag
Caveats
  • Supply blocks, unpowered buildings, or Contaminate may cause inaccurate times.
  • Supply counts are checked every 10 seconds.